[ AOE2 MATCH · #506632120 ]
UnrankedMalay vs Gurjaras
Player's team · LOSS
Rival team · WIN
[ REPLAY ANALYSIS · EXTRACTED FROM THE RECORDED GAME ]
Feudal
10:54
Castle
20:43
Imperial
32:11
| APM avg | 65.4 |
| APM peak | 98 |
| eAPM avg | 39.2 |
| Villagers / military | 253 / 459 |
Focus
⚔️ 49.8% · 🌾 50.2%
Karambit Warrior ×135 · Skirmisher ×125 · Spearman ×124 · Archer ×60 · Trebuchet (Packed) ×5 · Militia ×3
Feudal
8:28
Castle
19:39
Imperial
36:09
| APM avg | 89.4 |
| APM peak | 128 |
| eAPM avg | 46.5 |
| Villagers / military | 187 / 366 |
Focus
⚔️ 52.1% · 🌾 47.9%
Scout Cavalry ×143 · Skirmisher ×78 · Elephant Archer ×64 · Chakram Thrower ×60 · Trebuchet (Packed) ×14 · Monk ×5
Match map
Initial resources + every placement click. Lines = walls · curves = elevation contours. ◆ gold · ⬟ stone · ● berries · ✦ relic · ◌ wall gap
Your base· ✓ Closed at 20:43 · 42t walls · 1 gate(s)
我本善良's base· Open — unwalled flank
Smoothed initial terrain · ◌ = detected wall gap · hover for details
Inputs per minute
— Leonidas - - 我本善良
Build order — Leonidas
First 150 of 896 actions detected
| 0:00 | Queue | Villager (Male) |
| 0:02 | Build | House |
| 0:02 | Build | House |
| 0:05 | Queue | Villager (Male) |
| 0:05 | Queue | Villager (Male) |
| 0:06 | Queue | Villager (Male) |
| 1:10 | Queue | Villager (Male) |
| 1:11 | Queue | Villager (Male) |
| 1:44 | Queue | Villager (Male) |
| 1:47 | Build | Lumber Camp |
| 2:14 | Queue | Villager (Male) |
| 2:14 | Queue | Villager (Male) |
| 2:40 | Queue | Villager (Male) |
| 2:56 | Queue | Villager (Male) |
| 3:23 | Build | House |
| 3:25 | Queue | Villager (Male) |
| 3:56 | Queue | Villager (Male) |
| 3:57 | Queue | Villager (Male) |
| 4:00 | Build | House |
| 4:19 | Queue | Villager (Male) |
| 4:40 | Queue | Villager (Male) |
| 4:59 | Build | Barracks |
| 5:03 | Queue | Villager (Male) |
| 5:10 | Queue | Villager (Male) |
| 5:43 | Queue | Villager (Male) |
| 5:52 | Build | House |
| 5:52 | Build | Palisade Wall |
| 5:56 | Queue | Militia |
| 6:02 | Queue | Militia |
| 6:03 | Queue | Militia |
| 6:03 | Queue | Villager (Male) |
| 6:28 | Build | Palisade Wall |
| 6:38 | Queue | Villager (Male) |
| 6:48 | Queue | Villager (Male) |
| 6:51 | Build | Mill |
| 7:07 | Build | House |
| 7:12 | Queue | Villager (Male) |
| 7:24 | Queue | Villager (Male) |
| 7:29 | Build | Palisade Wall |
| 7:37 | Build | Palisade Wall |
| 7:45 | Build | Palisade Wall |
| 7:50 | Queue | Villager (Male) |
| 7:54 | Build | Palisade Wall |
| 8:12 | Queue | Villager (Male) |
| 8:34 | Build | Palisade Wall |
| 8:44 | Research | Loom |
| 9:16 | Research | Feudal Age |
| 9:32 | Build | Palisade Wall |
| 9:34 | Build | Palisade Wall |
| 9:42 | Build | Mining Camp |
| 10:30 | Queue | Villager (Male) |
| 10:39 | Build | Palisade Wall |
| 10:54 | Age | Feudal Age |
| 10:55 | Queue | Spearman |
| 10:58 | Research | Double-Bit Axe |
| 10:58 | Research | Horse Collar |
| 11:02 | Build | House |
| 11:02 | Queue | Villager (Male) |
| 11:07 | Build | Archery Range |
| 11:16 | Queue | Spearman |
| 11:20 | Build | Farm |
| 11:21 | Build | Farm |
| 11:36 | Build | Farm |
| 11:37 | Queue | Villager (Male) |
| 11:37 | Queue | Villager (Male) |
| 11:54 | Build | Farm |
| 11:57 | Build | Farm |
| 11:58 | Queue | Villager (Male) |
| 12:06 | Queue | Archer |
| 12:08 | Build | Palisade Wall |
| 12:10 | Build | Palisade Gate |
| 12:13 | Queue | Villager (Male) |
| 12:19 | Build | Palisade Wall |
| 12:20 | Build | Palisade Wall |
| 12:21 | Build | Palisade Wall |
| 12:26 | Queue | Villager (Male) |
| 12:29 | Queue | Archer |
| 12:45 | Build | Farm |
| 12:48 | Queue | Archer |
| 12:50 | Queue | Villager (Male) |
| 13:06 | Build | Farm |
| 13:18 | Queue | Villager (Male) |
| 13:19 | Queue | Archer |
| 13:28 | Build | Farm |
| 13:34 | Queue | Villager (Male) |
| 13:42 | Build | Farm |
| 13:46 | Build | Farm |
| 13:47 | Queue | Villager (Male) |
| 13:48 | Queue | Archer |
| 13:55 | Build | Farm |
| 14:20 | Build | Lumber Camp |
| 14:21 | Queue | Villager (Male) |
| 14:32 | Build | House |
| 14:53 | Queue | Archer |
| 15:08 | Build | House |
| 15:09 | Build | House |
| 15:10 | Queue | Villager (Male) |
| 15:10 | Queue | Archer |
| 15:32 | Queue | Villager (Male) |
| 15:34 | Build | House |
| 15:35 | Build | House |
| 15:35 | Build | House |
| 15:38 | Queue | Archer |
| 15:59 | Build | Blacksmith |
| 16:05 | Queue | Archer |
| 16:06 | Queue | Villager (Male) |
| 16:20 | Build | Farm |
| 16:21 | Queue | Villager (Male) |
| 16:22 | Queue | Archer |
| 16:35 | Research | Fletching |
| 16:35 | Research | Fletching |
| 16:41 | Queue | Villager (Male) |
| 16:44 | Build | Watch Tower |
| 16:49 | Build | Farm |
| 16:50 | Build | Farm |
| 16:51 | Build | Farm |
| 16:53 | Queue | Archer |
| 16:57 | Queue | Villager (Male) |
| 17:09 | Build | Farm |
| 17:16 | Build | Farm |
| 17:22 | Queue | Villager (Male) |
| 17:23 | Queue | Archer |
| 17:24 | Queue | Archer |
| 17:34 | Queue | Villager (Male) |
| 17:34 | Queue | Archer |
| 17:49 | Queue | Villager (Male) |
| 17:52 | Build | Farm |
| 17:53 | Build | Farm |
| 18:01 | Queue | Archer |
| 18:33 | Build | House |
| 18:35 | Queue | Villager (Male) |
| 18:47 | Build | Mining Camp |
| 18:55 | Build | Farm |
| 18:55 | Build | Farm |
| 18:56 | Build | Farm |
| 19:06 | Queue | Archer |
| 19:07 | Research | Castle Age |
| 19:17 | Build | Stable |
| 19:48 | Queue | Archer |
| 20:03 | Queue | Archer |
| 20:03 | Queue | Villager (Male) |
| 20:43 | Age | Castle Age |
| 20:46 | Queue | Battle Elephant |
| 20:46 | Research | Bodkin Arrow |
| 20:48 | Research | Crossbowman (upgrade) |
| 20:48 | Research | Crossbowman (upgrade) |
| 20:56 | Queue | Villager (Male) |
| 21:33 | Queue | Villager (Male) |
| 21:50 | Queue | Villager (Male) |
| 22:04 | Research | Light Cavalry (upgrade) |
Build order — 我本善良
First 150 of 834 actions detected
| 0:00 | Queue | Villager (Male) |
| 0:00 | Queue | Villager (Male) |
| 0:02 | Build | House |
| 0:04 | Build | House |
| 0:30 | Build | Mill |
| 0:34 | Queue | Villager (Male) |
| 0:34 | Queue | Villager (Male) |
| 1:38 | Queue | Villager (Male) |
| 1:38 | Queue | Villager (Male) |
| 1:51 | Queue | Villager (Male) |
| 1:51 | Queue | Villager (Male) |
| 2:15 | Queue | Villager (Male) |
| 2:39 | Queue | Villager (Male) |
| 2:57 | Queue | Villager (Male) |
| 3:29 | Build | House |
| 3:33 | Build | House |
| 3:39 | Queue | Villager (Male) |
| 4:09 | Queue | Villager (Male) |
| 4:16 | Build | Lumber Camp |
| 4:19 | Build | Lumber Camp |
| 4:28 | Build | House |
| 4:38 | Queue | Villager (Male) |
| 4:46 | Build | Lumber Camp |
| 4:53 | Queue | Villager (Male) |
| 4:57 | Queue | Villager (Male) |
| 4:57 | Research | Loom |
| 6:15 | Research | Feudal Age |
| 7:14 | Build | Barracks |
| 7:14 | Build | Palisade Wall |
| 7:24 | Queue | Villager (Male) |
| 7:26 | Build | Palisade Wall |
| 7:43 | Build | House |
| 7:57 | Build | House |
| 7:59 | Build | Palisade Wall |
| 8:16 | Build | Palisade Wall |
| 8:17 | Build | Palisade Wall |
| 8:18 | Build | Palisade Wall |
| 8:18 | Build | Palisade Wall |
| 8:19 | Build | Palisade Wall |
| 8:19 | Build | Palisade Wall |
| 8:20 | Build | Palisade Wall |
| 8:21 | Build | Palisade Wall |
| 8:28 | Age | Feudal Age |
| 8:37 | Build | Stable |
| 8:44 | Build | Palisade Wall |
| 8:45 | Build | Palisade Wall |
| 8:46 | Build | Palisade Wall |
| 9:08 | Build | House |
| 9:09 | Build | Palisade Wall |
| 9:09 | Queue | Villager (Male) |
| 9:10 | Queue | Villager (Male) |
| 9:10 | Queue | Villager (Male) |
| 9:20 | Queue | Scout Cavalry |
| 9:23 | Research | Double-Bit Axe |
| 9:24 | Research | Double-Bit Axe |
| 9:26 | Queue | Villager (Male) |
| 9:52 | Queue | Scout Cavalry |
| 9:52 | Queue | Scout Cavalry |
| 10:18 | Build | Farm |
| 10:19 | Build | Farm |
| 10:20 | Build | Farm |
| 10:22 | Queue | Scout Cavalry |
| 10:34 | Queue | Villager (Male) |
| 10:38 | Build | Farm |
| 10:52 | Build | Farm |
| 11:03 | Queue | Villager (Male) |
| 11:05 | Build | Farm |
| 11:18 | Queue | Villager (Male) |
| 11:19 | Queue | Scout Cavalry |
| 11:33 | Build | Archery Range |
| 11:38 | Queue | Villager (Male) |
| 11:48 | Queue | Scout Cavalry |
| 12:02 | Queue | Villager (Male) |
| 12:05 | Build | Farm |
| 12:12 | Queue | Villager (Male) |
| 12:12 | Build | Farm |
| 12:31 | Queue | Skirmisher |
| 12:31 | Queue | Skirmisher |
| 12:33 | Queue | Villager (Male) |
| 12:55 | Build | House |
| 12:56 | Build | Palisade Wall |
| 13:00 | Build | House |
| 13:04 | Research | Wheelbarrow |
| 13:04 | Research | Wheelbarrow |
| 13:04 | Research | Wheelbarrow |
| 13:15 | Build | House |
| 13:29 | Queue | Skirmisher |
| 13:30 | Queue | Villager (Male) |
| 13:48 | Build | Mining Camp |
| 14:03 | Queue | Villager (Male) |
| 14:12 | Build | Farm |
| 14:19 | Queue | Skirmisher |
| 14:40 | Queue | Skirmisher |
| 14:55 | Queue | Villager (Male) |
| 14:58 | Build | Farm |
| 15:04 | Build | Palisade Wall |
| 15:11 | Queue | Skirmisher |
| 15:20 | Build | Farm |
| 15:21 | Queue | Villager (Male) |
| 15:38 | Queue | Skirmisher |
| 15:47 | Build | Farm |
| 15:49 | Queue | Villager (Male) |
| 16:06 | Queue | Skirmisher |
| 16:25 | Queue | Villager (Male) |
| 16:30 | Build | House |
| 16:34 | Queue | Villager (Male) |
| 16:52 | Research | Castle Age |
| 16:53 | Research | Castle Age |
| 16:54 | Build | Farm |
| 17:01 | Build | Lumber Camp |
| 17:03 | Build | Palisade Wall |
| 17:10 | Build | Lumber Camp |
| 17:20 | Queue | Skirmisher |
| 17:36 | Queue | Scout Cavalry |
| 17:36 | Queue | Scout Cavalry |
| 17:52 | Build | Blacksmith |
| 18:02 | Queue | Villager (Male) |
| 18:23 | Queue | Skirmisher |
| 18:32 | Research | Bloodlines |
| 18:34 | Queue | Skirmisher |
| 18:42 | Research | Fletching |
| 18:42 | Research | Fletching |
| 18:45 | Research | Horse Collar |
| 18:45 | Research | Horse Collar |
| 18:59 | Research | Padded Archer Armor |
| 19:03 | Queue | Skirmisher |
| 19:09 | Build | Farm |
| 19:09 | Build | Farm |
| 19:11 | Build | Farm |
| 19:12 | Build | Farm |
| 19:23 | Build | Farm |
| 19:39 | Age | Castle Age |
| 19:41 | Research | Light Cavalry (upgrade) |
| 19:42 | Research | Light Cavalry (upgrade) |
| 19:52 | Build | Farm |
| 20:04 | Queue | Villager (Male) |
| 20:24 | Research | Scale Barding Armor |
| 20:24 | Research | Scale Barding Armor |
| 20:34 | Queue | Villager (Male) |
| 20:41 | Build | Town Center |
| 20:48 | Queue | Villager (Male) |
| 20:50 | Build | House |
| 21:35 | Queue | Villager (Male) |
| 21:51 | Queue | Villager (Male) |
| 21:53 | Build | Monastery |
| 21:57 | Build | Town Center |
| 22:08 | Build | House |
| 22:10 | Queue | Skirmisher |
| 22:10 | Queue | Skirmisher |
| 22:13 | Build | Archery Range |
Match timeline
| 4:59 | Leonidas · first_building Barracks |
| 5:52 | Leonidas · wall_segment Palisade Wall x1 |
| 6:28 | Leonidas · wall_segment Palisade Wall x6 |
| 7:14 | 我本善良 · first_building Barracks |
| 7:14 | 我本善良 · wall_segment Palisade Wall x1 |
| 7:26 | 我本善良 · wall_segment Palisade Wall x1 |
| 7:29 | Leonidas · wall_segment Palisade Wall x2 |
| 7:37 | Leonidas · wall_segment Palisade Wall x5 |
| 7:45 | Leonidas · wall_segment Palisade Wall x7 |
| 7:54 | Leonidas · wall_segment Palisade Wall x3 |
| 7:59 | 我本善良 · wall_segment Palisade Wall x1 |
| 8:16 | 我本善良 · wall_segment Palisade Wall x1 |
| 8:17 | 我本善良 · wall_segment Palisade Wall x1 |
| 8:18 | 我本善良 · wall_segment Palisade Wall x1 |
| 8:18 | 我本善良 · wall_segment Palisade Wall x1 |
| 8:19 | 我本善良 · wall_segment Palisade Wall x1 |
| 8:19 | 我本善良 · wall_segment Palisade Wall x1 |
| 8:20 | 我本善良 · wall_segment Palisade Wall x1 |
| 8:21 | 我本善良 · wall_segment Palisade Wall x1 |
| 8:28 | 我本善良 · age_up feudal |
| 8:34 | Leonidas · wall_segment Palisade Wall x2 |
| 8:37 | 我本善良 · first_building Stable |
| 8:44 | 我本善良 · wall_segment Palisade Wall x1 |
| 8:45 | 我本善良 · wall_segment Palisade Wall x1 |
| 8:46 | 我本善良 · wall_segment Palisade Wall x1 |
| 9:09 | 我本善良 · wall_segment Palisade Wall x1 |
| 9:32 | Leonidas · wall_segment Palisade Wall x5 |
| 9:34 | Leonidas · wall_segment Palisade Wall x1 |
| 10:39 | Leonidas · wall_segment Palisade Wall x1 |
| 10:54 | Leonidas · age_up feudal |
| 11:07 | Leonidas · first_building Archery Range |
| 11:33 | 我本善良 · first_building Archery Range |
| 12:08 | Leonidas · wall_segment Palisade Wall x6 |
| 12:19 | Leonidas · wall_segment Palisade Wall x1 |
| 12:20 | Leonidas · wall_segment Palisade Wall x1 |
| 12:21 | Leonidas · wall_segment Palisade Wall x1 |
| 12:56 | 我本善良 · wall_segment Palisade Wall x9 |
| 15:04 | 我本善良 · wall_segment Palisade Wall x7 |
| 17:03 | 我本善良 · wall_segment Palisade Wall x3 |
| 19:17 | Leonidas · first_building Stable |
| 19:39 | 我本善良 · age_up castle |
| 20:43 | Leonidas · age_up castle |
| 21:53 | 我本善良 · first_building Monastery |
| 22:31 | Leonidas · first_building Monastery |
| 27:12 | 我本善良 · first_market_buy 100 food |
| 28:56 | 我本善良 · first_building Castle |
| 29:06 | 我本善良 · first_building Siege Workshop |
| 29:19 | Leonidas · first_building Castle |
| 30:39 | Leonidas · first_building Siege Workshop |
| 32:11 | Leonidas · age_up imperial |
| 32:56 | 我本善良 · first_market_sell 100 wood |
| 36:09 | 我本善良 · age_up imperial |
| 38:02 | 我本善良 · wall_segment Stone Wall x1 |
| 38:03 | 我本善良 · wall_segment Stone Wall x1 |
| 38:04 | 我本善良 · wall_segment Stone Wall x1 |
| 38:05 | 我本善良 · wall_segment Stone Wall x1 |
| 39:32 | Leonidas · first_market_buy 100 stone |
| 46:39 | Leonidas · wall_segment Stone Wall x6 |
| 46:41 | Leonidas · wall_segment Stone Wall x4 |
| 46:45 | Leonidas · wall_segment Stone Wall x18 |
| 47:11 | Leonidas · wall_segment Stone Wall x1 |
| 50:21 | Leonidas · wall_segment Stone Wall x5 |
| 50:23 | Leonidas · wall_segment Stone Wall x7 |
| 55:25 | Leonidas · resign |
[ AI ANALYSIS · 1 CREDIT ]
What really happened in this match?
Wolo.gg analyzes every decision: build order, eco, micro, common mistakes by bracket. Personalized analysis on WhatsApp or Discord in 30 seconds.
Civ guide
Malay
Perfil
Jugador #1210686